 Dungeon Crawl Stone Soup version 0.28-a0-998-gb9e9c7b67e (webtiles) character file.

Game seed: 17721938350911040678

133 ytrimaz the Insei (level 5, 0/34 HPs)
             Began as an Octopode Transmuter on Dec 6, 2021.
             Was a Follower of Okawaru.
             Slain by Sigmund (9 damage)
             ... on level 3 of the Dungeon.
             The game lasted 00:03:25 (3346 turns).

ytrimaz the Insei (Octopode Transmuter)             Turns: 3346, Time: 00:03:26

Health: 0/34       AC:  1    Str:  9 (10) XL:     5   Next: 16%
Magic:  6/8        EV: 15    Int: 14 (17) God:    Okawaru [*.....]
Gold:   158        SH:  0    Dex: 11 (12) Spells: 7/8 levels left

rFire   . . .      SeeInvis .     - Unarmed
rCold   . . .      Faith    .   (no shield)
rNeg    + . .      Spirit   .   (helmet restricted)
rPois   .          Reflect  .   (no amulet)
rElec   .          Harm     .   f - ring of positive energy
rCorr   .          Rampage  .   (no ring)
Will    .....                   (no ring)
Stlth   ++++......              (no ring)
HPRegen 0.11/turn               (no ring)
MPRegen 0.11/turn               (no ring)
                                (no ring)
                                (no ring)

@: heroic
A: almost no armour, amphibious, 8 rings, camouflage 1, gelatinous body 1,
(nimble swimmer 1), tentacles
a: Renounce Religion, Heroism


You were on level 3 of the Dungeon.
You worshipped Okawaru.
Okawaru was aware of your devotion.
You visited 1 branch of the dungeon, and saw 3 of its levels.

You collected 158 gold pieces.

Inventory:

Jewellery
 f - a ring of positive energy (left tentacle)
Potions
 b - a potion of might
 c - a potion of curing
 d - 2 potions of haste


   Skills:
 * Level 2.2(7.2) Fighting
 - Level 2.0(7.0) Dodging
 + Level 4.6(9.6) Unarmed Combat
 + Level 2.4 Spellcasting
 + Level 2.6 Transmutations


You had 7 spell levels left.
You knew the following spells:

 Your Spells              Type           Power      Damage    Failure   Level
a - Beastly Appendage     Tmut           16%        N/A       8%          1

Your spell library contained the following spells:

 Spells                   Type           Power      Damage    Failure   Level
 Wereblood                Tmut           8%         N/A       12%         2
 Slow                     Hex            4%         N/A       22%         1
 Spider Form              Tmut/Pois      5%         N/A       38%         3
 Confusing Touch          Hex            1%         N/A       56%         3
 Vampiric Draining        Necr           1%         2d6       56%         3
 Ice Form                 Ice/Tmut       5%         N/A       80%         4


Dungeon Overview and Level Annotations

Branches:
Dungeon (3/15)

Altars:
Okawaru

Shops:
D:1 *

Annotations:
D:3 Sigmund


Innate Abilities, Weirdness & Mutations

You cannot wear most types of armour.
You are amphibious.
You can wear up to eight rings at the same time.
Your skin changes colour to match your surroundings (Stealth+).
Your rubbery body absorbs attacks. (AC +1, EV +1)
((You are camouflaged near water. (Stealth+)))
You have tentacles for arms and can constrict up to eight enemies at once.


Message History

The ufetubus is heavily wounded.
The ufetubus misses you.
The ufetubus hits you but does no damage.
You tentacle-slap the ufetubus.
You kill the ufetubus!
Okawaru accepts your kill.
Your transformation is almost over.
Your tentacle spike disappears.
Key pressed, stopping explore.
You now have 158 gold pieces (gained 15).
You open the door.
There is an open door here.
A ball python comes into view.
A ball python is nearby!
A ball python is nearby!
A ball python is nearby!
A ball python is nearby!
The helpless ball python fails to defend itself.
You bludgeon the ball python!
You kill the ball python!
Okawaru accepts your kill.
Found a stone staircase leading down.
Sigmund the Dreaded comes into view.
He is wielding a +0 scythe.
Sigmund is nearby!
Sigmund is nearby!
Sigmund is nearby!
Sigmund shouts!
Sigmund casts a spell at you. The magic dart hits you.
Sigmund hits you from afar with a +0 scythe.
You gain the combat prowess of a mighty hero.
Sigmund hits you with a +0 scythe!
* * * LOW HITPOINT WARNING * * *
You tentacle-slap Sigmund but do no damage.
Your grab misses Sigmund. You bludgeon Sigmund! You grab Sigmund.
Sigmund is moderately wounded.
You constrict Sigmund, but do no damage.
Sigmund hits you with a +0 scythe!
You die...

#### ######## .##...#
#......# ......
#......#
#....##......# ####
#............######...
#...>.................
#.....................
#...@@.......######...
...............#
#.....#
###.....#......#
#......
#............###....).
#..............'......
#............###......
#............# ###....
#............### #....
#..........##....


You could see Sigmund.

Vanquished Creatures
  Jessica (D:3)
  An adder (D:2)
  A white imp (D:3)
  An ufetubus (D:3)
  2 worms (D:2)
  An orc (D:3)
  9 bats
  5 endoplasms
  7 giant cockroaches
  8 hobgoblins
  7 jackals
  6 kobolds
  3 quokkas
  4 ball pythons
  2 frilled lizards
  7 goblins
  6 rats
71 creatures vanquished.

Vanquished Creatures (others)
  A fungus (D:3)
1 creature vanquished.

Grand Total: 72 creatures vanquished

Notes
Turn   | Place    | Note
-------+----------+-------------------------------------------
     0 | D:1      | ytrimaz the Octopode Transmuter began the quest for the
                  | Orb.
     0 | D:1      | Reached XP level 1. HP: 13/13 MP: 3/3
   194 | D:1      | Reached XP level 2. HP: 13/18 MP: 5/5
   662 | D:1      | Reached XP level 3. HP: 23/23 MP: 6/6
   666 | D:1      | Found Joto's General Store.
  1366 | D:2      | Reached skill level 4 in Unarmed Combat
  1738 | D:2      | Reached XP level 4. HP: 24/29 MP: 5/7
  2628 | D:3      | Noticed Jessica
  2652 | D:3      | Killed Jessica
  2713 | D:3      | Reached XP level 5. HP: 34/34 MP: 6/8
  3057 | D:3      | Found a faded altar of an unknown god.
  3060 | D:3      | Prayed at the altar of an unknown god.
  3060 | D:3      | Became a worshipper of Warmaster Okawaru
  3060 | D:3      | Reached * piety under Okawaru
  3339 | D:3      | Noticed Sigmund
  3346 | D:3      | Slain by Sigmund

Illustrated notes

Levels and vault maps discovered:
D:1:      ebering_hopf_link, layout_loops_ring, serial_shops, shop
D:2:      layout_rooms, minmay_joined_circles
D:3:      layout_basic, shapermc_ecumenical_altar_mp_urbaneastern, uniq_jessica,
          uniq_sigmund

Skill      XL: |  1  2  3  4 |
---------------+-------------+-----
Unarmed Combat | 4 |  4.6
Fighting       | 2 |  2.2
Dodging        | |  2.0
Spellcasting   | |  2.4
Transmutations | |  2.6

Action                   |  1- 3 |  4- 6 || total
-------------------------+-------+-------++-------
Melee: Unarmed           |    89 |    83 ||   172
       Constrict         |    19 |    21 ||    40
       Tentacles         |    17 |    15 ||    32
       Punch             |     2 |     4 ||     6
       Kick              |     1 |     9 ||    10
 Cast: Beastly Appendage |     2 |    12 ||    14
Invok: Heroism           |       |     1 ||     1
  Use: Scroll            |     4 |     3 ||     7
       Potion            |     2 |     4 ||     6
 Stab: Sleeping          |     5 |     2 ||     7
Armor: Skin              |    15 |     7 ||    22
Dodge: Dodged            |    69 |    46 ||   115

Table legend: (Time is in decaauts)
 A = Elapsed time spent in this place.
 B = Non-inter-level travel time spent in this place.
 C = Inter-level travel time spent in this place.
 D = Time resting spent in this place.
 E = Time spent auto-exploring this place.
 F = Levels seen in this place.
 G = Mean time per level.
                   A        B        C        D        E       F      G
               +--------+--------+--------+--------+--------+-----+--------+
         Total |   3342 |   3255 |     87 |     11 |   2648 |   3 | 1114.0 |
       Dungeon |   3342 |   3255 |     87 |     11 |   2648 |   3 | 1114.0 |
               +--------+--------+--------+--------+--------+-----+--------+

Top non-repeatable levels by time:
     D:1: 1354 daAuts
     D:2: 1195 daAuts
     D:3: 792 daAuts
